 Dungeon Sprint DCSS version 0.31-a0-18-gea43df2a32 (webtiles) character file.

Game seed: 11499893519828418029

3468 sircluck the Brawler (level 9, -8/102 HPs)
             Began as a Troll Berserker on May 10, 2023.
             Was a High Priest of Trog.
             Mangled by a tentacle (23 damage)
             ... attached to a kraken
             ... in the Dungeon (Sprint II: "The Violet Keep of Menkaure").
             The game lasted 00:03:26 (492 turns).

sircluck the Brawler (Troll Berserker)               Turns: 492, Time: 00:03:27

Health: -8/102     AC:  4    Str: 35    XL:     9   Next: 79%
Magic:  7/7        EV: 11    Int:  3    God:    Trog [*****.]
Gold:   218        SH:  0    Dex:  7    Spells: 8/8 levels left

rFire   . .          .
                       - Unarmed
rCold   . . .        (no shield)
rNeg    + . .        a - +0 animal skin
rPois   .            (helmet restricted)
rElec   +            (no cloak)
rCorr   .            (gloves unavailable)
SInv    +            (boots unavailable)
Will    .....        j - amulet of regeneration
Stlth   +            i - ring of Jira {Fly rElec rN+ Str+4 SInv}
HPRegen 1.97/turn    (no ring)
MPRegen 0.10/turn

%: no teleportation
@: flying, unable to read
A: large, unfitting armour, claws 3, regeneration 1, shaggy fur 1, tough skin 1,
clumsy 1, low MP 1, inability to read after injury 1
a: Renounce Religion, Berserk, Trog's Hand, Brothers in Arms


You were in the Dungeon.
You worshipped Trog.
Trog was extremely pleased with you.
You visited 1 branch You collected 1073 gold pieces.
You spent 855 gold pieces at shops.

Inventory:

Armour
 a - a +0 animal skin (worn)
Jewellery
 i - the ring of Jira (left claw) {Fly rElec rN+ Str+4 SInv}
   (You bought it in a shop in the Dungeon)

   [ring of see invisible]

   Str:       It affects your strength (+4).
   rElec:     It insulates you from electricity.
   rN:        It protects you from negative energy.
   SInv:      It lets you see invisible.
   Fly:       It grants you flight.
 j - an amulet of regeneration (around neck)
Scrolls
 g - a scroll of blinking
 h - a scroll of magic mapping
Potions
 b - a potion of curing
 c - a potion of heal wounds
 d - a potion of haste
 e - 2 potions of magic
 f - a potion of berserk rage


   Skills:
 + Level 10.4 Fighting
 + Level 10.3 Dodging
 + Level 15.8 Unarmed Combat


You had 8 spell levels left.
You didn't know any spells.
Your spell library was empty.

Dungeon Overview and Level Annotations

Branches:
Dungeon (1/1)

Altars:
Cheibriados
Dithmenos
Elyvilon
Fedhas
Gozag
Hepliaklqana
Kikubaaqudgha
Makhleb
Nemelex Xobeh
Okawaru
Qazlal
Ru
Sif Muna
Trog
Uskayaw
Vehumet
Wu Jian
Xom
Yredelemnul
Zin
The Shining One
Jiyva
Lugonu

Shops:
D :([=(=!:![=!:?[

Annotations:
D exclusion: oklob plant, Roxanne


Innate Abilities, Weirdness & Mutations

You are too large for most types of armour.
You have claws for hands.
Your natural rate of healing is unusually fast.
You are covered in fur. (AC +1)
You have tough skin. (AC +1)
You are clumsy. (Dex -2)
Your magical capacity is low. (-10% MP)
You occasionally lose the ability to read scrolls when taking damage.


Message History

Found ten items.
Found three items.
Found 8 gold pieces and a potion of curing.
A kraken comes into view.
Tentacles burst out of the water!
A tentacle comes into view.
You eviscerate the tentacle!!!
You kill the tentacle!
The tentacle slaps you.
You eviscerate the tentacle!!!
The tentacle is almost dead.
The tentacle misses you.
You eviscerate the tentacle!!!
You kill the tentacle!
You claw the tentacle!
The tentacle is moderately wounded.
The tentacle closely misses you.
You mangle the tentacle!!
The tentacle is severely wounded.
The tentacle barely misses you. The tentacle slaps you!!
You mangle the tentacle!!
You kill the tentacle!
The tentacle closely misses you.
You eviscerate the tentacle!!!
The tentacle is almost dead.
The tentacle closely misses you.
You barely miss the tentacle.
The tentacle is almost dead.
The tentacle slaps you!
Tentacles burst out of the water!
You barely miss the tentacle. Your claw misses the tentacle.
The tentacle is almost dead.
The tentacle slaps you!! The tentacle closely misses you.
You eviscerate the tentacle!!!
You kill the tentacle!
A tentacle rises from the water!
The tentacle slaps you!!
You feel threatened and lose the ability to read scrolls!
* * * LOW HITPOINT WARNING * * *
You scratch the tentacle but do no damage.
Your claw misses the tentacle. The tentacle slaps you!!
You die...

#. +.### :▓!?((!))!▓▓
...####▓?!(?()?$▓▓
#..##.#▓$!?$![$?▓▓
+..#..#▓(?$)$!$[▓▓
#..#.)#▓=[[?$[)$▓▓
###..##.#▓:$)?$):$▓▓
.###...##▓▓▓▓▓▓▓+▓▓▓▓+▓
...~~~~~~~~~~~~~@w─Xw≈▓
...~#'########+###.ww≈▓
~..~#....._._#SS~##≈≈≈▓
~~§~#...._._.#S~≈≈####▓
~§§~#..._._._#~~§~§#
≈~~~#.._._._.#~~~≈§≈
≈§≈~#._._._._#§~~~~≈
##≈≈#_._._._.#~§§§§~
#≈≈#._._._..#~§≈§≈≈


You could see a kraken and 4 tentacles.

Vanquished Creatures
  2 boulder beetles (D)
  An orange crystal statue (D)
  A merfolk siren (D)
  A yaktaur (D)
  3 polar bears (D)
  A hornet (D)
  Menkaure (D)
  4 necrophages (D)
  A hell rat (D)
  3 worms (D)
  4 tentacles (D)
22 creatures vanquished.

Vanquished Creatures (others)
  A water moccasin (D)
1 creature vanquished.

Grand Total: 23 creatures vanquished

Notes
Turn   | Place    | Note
-------+----------+-------------------------------------------
     0 | D        | sircluck the Troll Berserker began the quest for the Orb.
     0 | D        | Reached XP level 1. HP: 22/22 MP: 0/0
     1 | D        | Noticed a merfolk siren
    28 | D        | Killed a merfolk siren
    29 | D        | Reached skill level 9 in Unarmed Combat
    29 | D        | Reached XP level 2. HP: 37/37 MP: 1/1
    29 | D        | Reached XP level 3. HP: 45/45 MP: 2/2
    29 | D        | Reached XP level 4. HP: 53/53 MP: 3/3
    29 | D        | Reached XP level 5. HP: 61/61 MP: 4/4
    29 | D        | Reached XP level 6. HP: 68/68 MP: 5/5
    39 | D        | Reached ** piety under Trog
    71 | D        | Reached *** piety under Trog
    82 | D        | Reached skill level 10 in Unarmed Combat
    82 | D        | Reached XP level 7. HP: 31/78 MP: 6/6
   130 | D        | Noticed a boulder beetle
   130 | D        | Noticed a boulder beetle
   142 | D        | Killed a boulder beetle
   143 | D        | Reached skill level 12 in Unarmed Combat
   143 | D        | Reached XP level 8. HP: 53/89 MP: 7/7
   147 | D        | Killed a boulder beetle
   147 | D        | Reached **** piety under Trog
   148 | D        | Reached skill level 13 in Unarmed Combat
   198 | D        | Noticed Roxanne
   200 | D        | Noticed Menkaure
   201 | D        | Killed Menkaure
   203 | D        | Found Pucuxaq's Book Shop.
   203 | D        | Found Qirghiso's Magic Scroll Boutique.
   204 | D        | Found Zivochor's Antique Armour Shop.
   205 | D        | Found Arghuzeu's Antique Armour Shop.
   205 | D        | Found Toelo's Jewellery Shop.
   205 | D        | Found Xackot's Distillery.
   206 | D        | Found Jutifuesk's Distillery.
   206 | D        | Found Hemuskam's Book Boutique.
   206 | D        | Found Cagoirad's Jewellery Boutique.
   206 | D        | Found Qyc Afadd's Distillery.
   207 | D        | Found Takug's Jewellery Shop.
   207 | D        | Found Niem's Weapon Boutique.
   208 | D        | Found Puetimer's Antique Armour Shop.
   208 | D        | Found Lumidiofuz's Antique Weapon Boutique.
   208 | D        | Noticed a shining eye
   212 | D        | Noticed a shining eye
   212 | D        | Noticed a shining eye
   212 | D        | Noticed an oklob plant
   213 | D        | Found Qitza's Book Shoppe.
   217 | D        | Bought a scroll of magic mapping for 75 gold pieces
   222 | D        | Bought the ring of Jira {Fly rElec rN+ Str+4 SInv} for 480
                  | gold pieces
   237 | D        | Bought an amulet of regeneration for 300 gold pieces
   255 | D        | Reached ***** piety under Trog
   270 | D        | Noticed an orange crystal statue
   285 | D        | Killed an orange crystal statue
   286 | D        | Reached skill level 14 in Unarmed Combat
   286 | D        | Reached XP level 9. HP: 101/101 MP: 8/8
   291 | D        | Gained mutation: Your magical capacity is low. (-10% MP)
                  | [mutagenic glow]
   302 | D        | Gained mutation: You occasionally lose the ability to read
                  | scrolls when taking damage. [mutagenic glow]
   322 | D        | Gained mutation: You are clumsy. (Dex -2) [mutagenic glow]
   403 | D        | Found a snail-covered altar of Cheibriados.
   404 | D        | Found a shadowy altar of Dithmenos.
   404 | D        | Found a viscous altar of Jiyva.
   405 | D        | Found a white marble altar of Elyvilon.
   405 | D        | Found an ancient bone altar of Kikubaaqudgha.
   406 | D        | Found a blossoming altar of Fedhas.
   406 | D        | Found a corrupted altar of Lugonu.
   406 | D        | Found a shimmering blue altar of Sif Muna.
   407 | D        | Found an opulent altar of Gozag.
   407 | D        | Found a burning altar of Makhleb.
   407 | D        | Found a bloodstained altar of Trog.
   408 | D        | Found a sparkling altar of Nemelex Xobeh.
   408 | D        | Found a hide-covered altar of Uskayaw.
   410 | D        | Found an iron altar of Okawaru.
   410 | D        | Found a radiant altar of Vehumet.
   410 | D        | Found a glowing silver altar of Zin.
   411 | D        | Noticed a yaktaur
   411 | D        | Noticed a polar bear
   411 | D        | Noticed a polar bear
   415 | D        | Killed a polar bear
   415 | D        | Noticed a polar bear
   419 | D        | Killed a polar bear
   420 | D        | Reached skill level 10 in Fighting
   420 | D        | Reached skill level 10 in Dodging
   420 | D        | Reached skill level 15 in Unarmed Combat
   422 | D        | Killed a polar bear
   427 | D        | Killed a yaktaur
   437 | D        | Found a basalt altar of Yredelemnul.
   439 | D        | Found a hazy altar of Hepliaklqana.
   439 | D        | Found a sacrificial altar of Ru.
   439 | D        | Found a shimmering altar of Xom.
   440 | D        | Found a stormy altar of Qazlal.
   440 | D        | Found an ornate altar of the Wu Jian Council.
   440 | D        | Found a glowing golden altar of the Shining One.
   478 | D        | Noticed a kraken
   492 | D        | Mangled by a tentacle

Illustrated notes

Levels and vault maps discovered:
D:        the_violet_keep_of_menkaure [sprint2_stairs_cluster_1,
          sprint2_shoproom, sprint2_temple, sprint2_basic_supplies,
          sprint2_obstacle_4, sprint2_obstacle_7, sprint2_obstacle_6,
          sprint2_obstacle_3, sprint2_obstacle_2, sprint2_timed_cluster_1,
          sprint2_smallroom_cluster_1, sprint2_smallroom_final_cluster_1,
          sprint2_transparent_cluster_1, sprint2_second_timed_cluster_1,
          sprint2_sniper_area_1, sprint2_heavy_combat_area_1,
          sprint2_mutation_trap_area_1, sprint2_forest_area_1,
          sprint2_light_combat_area_1, sprint2_behind_water_1,
          sprint2_near_end_vault_1]

Skill      XL: |  1  2  3  4  5  6  7  8  9 |
---------------+----------------------------+-----
Fighting       | 6 7 8 9 10 | 10.4
Dodging        | 6 7 8 9 10 | 10.3
Unarmed Combat | 9 10 12 14 15 | 15.8

Action                     |  1- 3 |  4- 6 |  7- 9 || total
---------------------------+-------+-------+-------++-------
  Melee: Unarmed           |    25 |    28 |    52 ||   105
         Punch             |       |     1 |     4 ||     5
 Invoke: Berserk           |       |       |     2 ||     2
 Armour: Animal skin       |     1 |     2 |     8 ||    11
  Dodge: Dodged            |       |    12 |    13 ||    25

Table legend: (Time is in decaauts)
 A = Elapsed time spent in this place.
 B = Non-inter-level travel time spent in this place.
 C = Inter-level travel time spent in this place.
 D = Time resting spent in this place.
 E = Time spent auto-exploring this place.
 F = Levels seen in this place.
 G = Mean time per level.
                   A        B        C        D        E       F      G
               +--------+--------+--------+--------+--------+-----+--------+
         Total |    487 |    455 |     32 |    185 |     15 |   1 |  487.0 |
       Dungeon |    487 |    455 |     32 |    185 |     15 |   1 |  487.0 |
               +--------+--------+--------+--------+--------+-----+--------+

Top non-repeatable levels by time:
       D: 487 daAuts
